 Dungeon Crawl Stone Soup version 0.30.0-16-gbe6223bb7e (webtiles) character file.

Game seed: 3027667443357154644

96 monsoonserge the Slasher (level 4, -6/34 HPs)
             Began as a Human Warper on May 21, 2023.
             Killed by divine providence
             ... invoked by an orc priest
              (13 damage)
             ... on level 3 of the Dungeon.
             The game lasted 00:05:18 (1944 turns).

monsoonserge the Slasher (Human Warper)             Turns: 1944, Time: 00:05:19

Health: -6/34      AC:  5    Str: 11    XL:     4   Next: 98%
Magic:  7/7        EV: 11    Int: 13    God:
Gold:   78         SH:  0    Dex: 15    Spells: 5/7 levels left

rFire   . . .        r - +3 flail
rCold   . . .        (no shield)
rNeg    . . .        f - +0 ring mail
rPois   .            (no helmet)
rElec   .            (no cloak)
rCorr   .            (no gloves)
SInv    .            (no boots)
Will    .....        (no amulet)
Stlth   +            (no ring)
HPRegen 0.25/turn    (no ring)
MPRegen 0.10/turn

%: no passive effects
@: no status effects
A: no striking features
a: no special abilities


You were on level 3 of the Dungeon.
You visited 1 branch of the dungeon, and saw 3 of its levels.

You collected 78 gold pieces.

Inventory:

Hand Weapons
 a - a +0 falchion
 r - a +3 flail (weapon)
Missiles
 d - 7 boomerangs of dispersal (quivered)
 l - 26 stones
 p - 5 poisoned darts
Armour
 b - a +0 leather armour
 f - a +0 ring mail (worn)
Scrolls
 c - 2 scrolls of blinking
 e - a scroll of brand weapon {unknown}
 g - a scroll of silence {unknown}
 h - a scroll of magic mapping {unknown}
 j - a scroll of noise {unknown}
 k - a scroll of poison {unknown}
 o - a scroll of identify {unknown}
 q - a scroll of enchant armour {unknown}
 t - a scroll of teleportation {unknown}
Potions
 i - 2 potions of degeneration {unknown}
 m - 2 potions of lignification {unknown}
 n - a potion of berserk rage {unknown}
 s - a potion of resistance {unknown}


   Skills:
 + Level 2.4 Fighting
 + Level 3.3 Long Blades
 + Level 1.0 Throwing
 * Level 2.3 Armour
 + Level 2.2 Dodging
 - Level 2.0 Spellcasting
 + Level 3.2 Translocations


You had 5 spell levels left.
You knew the following spells:

 Your Spells              Type           Power      Damage    Failure   Level
a - Blink                 Tloc           18%        N/A       24%         2

Your spell library contained the following spells:

 Spells                   Type           Power      Damage    Failure   Level
 Apportation              Tloc           18%        N/A       16%         1
 Lesser Beckoning         Tloc           18%        N/A       24%         2
 Teleport Other           Tloc           9%         N/A       43%         3
 Vhi's Electric Charge    Tloc/Air       10%        N/A       67%         3
 Manifold Assault         Tloc           9%         N/A       83%         4
 Alistair's Intoxication  Tmut/Pois      0%         N/A       100%        5
 Malign Gateway           Summ/Tloc      2%         N/A       100%        7
 Summon Horrible Things   Summ           0%         N/A       100%        8


Dungeon Overview and Level Annotations

Branches:
Dungeon (3/15)

Altars:

Annotations:
D:2 Natasha


Message History

The jackal completely misses you.
You thump the jackal!
You kill the jackal!
The jackal bites you but does no damage.
You miss the jackal.
The jackal bites you but does no damage.
The jackal barely misses you.
You barely miss the jackal. The jackal misses you.
The jackal bites you but does no damage.
You closely miss the jackal. You punch the jackal.
The jackal is heavily wounded.
The jackal bites you but does no damage. x2
You barely miss the jackal.
The jackal is heavily wounded.
The jackal closely misses you. x2
You hit the jackal.
You kill the jackal!
The jackal bites you but does no damage.
You hit the jackal.
You kill the jackal!
The jackal bites you but does no damage.
The orc priest mumbles some strange prayers to Beogh against you.
Beogh smites you!
You barely miss the jackal.
The jackal is almost dead.
The jackal bites you but does no damage.
The jackal bites you.
You hit the jackal.
You kill the jackal!
The orc priest begins to cast a cantrip, but forgets the words!
The orc priest invokes the aid of Beogh against you.
Beogh smites you! The orc priest hits you with a +0 club.
* * * LOW HITPOINT WARNING * * *
Things that are here:
a jackal corpse; a jackal corpse; a jackal corpse You hit the orc priest but do no damage.
The orc priest calls down the wrath of Beogh upon you.
Beogh smites you!
You die...

##.#o...# #.$.....
....... ..... ....
..# #.... #####.#
#.... #..<#.######
#....## #.###o@....#
.....#####.....####.#
#........####......#
#........# ########
###........##
#...........## ##
#....#.#..#..# .#
#.......#..#.# .#
.........#...###.#


You could see an orc priest.

Vanquished Creatures
  Natasha (D:2)
  2 adders (D:2)
  6 dart slugs (D:1)
  2 endoplasms
  5 goblins (D:1)
  2 hobgoblins
  4 jackals (D:3)
  6 kobolds
  A quokka (D:1)
  2 ball pythons (D:2)
  6 bats
  A frilled lizard (D:1)
  2 rats
40 creatures vanquished.

Notes
Turn   | Place    | Note
-------+----------+-------------------------------------------
     0 | D:1      | monsoonserge the Human Warper began the quest for the Orb.
     0 | D:1      | Reached XP level 1. HP: 16/16 MP: 3/3
   127 | D:1      | Reached XP level 2. HP: 15/22 MP: 5/5
   459 | D:1      | Learned a level 2 spell: Blink
   497 | D:1      | Reached XP level 3. HP: 23/27 MP: 6/6
  1448 | D:2      | Reached XP level 4. HP: 34/34 MP: 7/7
  1483 | D:2      | Noticed Natasha
  1490 | D:2      | Killed Natasha
  1651 | D:2      | Noticed Natasha
  1664 | D:2      | You fall into a shaft and drop 1 floor!
  1944 | D:3      | Killed from afar by an orc priest

Illustrated notes

Levels and vault maps discovered:
D:1:      spicycebolla_green_bress_n_ham, layout_basic
D:2:      layout_loops_ring, minmay_shallow_snake_nest, uniq_natasha
D:3:      minmay_goblin_kobold_castle, layout_basic,
          mainiacjoe_overflow_boulevard, minmay_misc_feat_diagonals

Skill      XL: |  1  2  3  4 |
---------------+-------------+-----
Long Blades    | 3 |  3.3
Armour         | 2 |  2.3
Fighting       | |  2.4
Throwing       | |  1.0
Dodging        | |  2.2
Spellcasting   | |  2.0
Translocations | |  3.2

Action                     |  1- 3 |  4- 6 || total
---------------------------+-------+-------++-------
  Melee: Falchion          |    84 |    13 ||    97
         Punch             |     1 |     1 ||     2
         Flail             |       |    34 ||    34
   Cast: Blink             |       |     1 ||     1
 Armour: Ring mail         |    30 |    29 ||    59
  Dodge: Dodged            |    37 |    32 ||    69
